[Event "Titled Tuesday Blitz May 24 Early 2022"]
[White "Levitskiy, Andrey"]
[Black "Jian, Alex"]
[WhiteFideId "14132885"]
[BlackFideId "30901022"]
[WhiteElo "2301"]
[BlackElo "2111"]
[Result "0-1"]
[Round "05"]
[TimeControl "180+1"]
[Date "2022.05.25"]
[WhiteClock "0:00:04"]
[BlackClock "0:00:21"]

1. e4 c5 2. Nf3 e6 3. d4 cxd4 4. Nxd4 a6 5. Nc3 Qc7 6. g3 b5 7. Bg2 Bb7 8. a3 Nf6 9. O-O Be7 10. e5 Bxg2 11. Kxg2 Qxe5 12. Bf4 Qh5 13. Nf3 Nc6 14. Bd6 O-O 15. Bxe7 Nxe7 16. Qd2 Nc6 17. Qd6 Rfd8 18. Rad1 Qf5 19. Rd2 Ne8 20. Qd3 Qxd3 21. Rxd3 d5 22. Re1 Nd6 23. Nd4 Nxd4 24. Rxd4 Rac8 25. Rd3 Nc4 26. b3 Nxa3 27. Re2 b4 28. Na4 Rxc2 29. Rxc2 Nxc2 30. Nc5 a5 31. Rd2 Na3 32. Nb7 Ra8 33. Rd1 Kf8 34. Kf3 Nb5 35. Rc1 Nc3 36. Ke3 a4 37. bxa4 Rxa4 38. Nc5 Ra3 39. Kd2 Ne4+ 40. Ke1 Rc3 41. Rb1 Rxc5 42. Rxb4 Ke7 43. f3 Nc3 44. Rb7+ Kf6 45. Kd2 d4 46. Kd3 Rd5 47. f4 g6 48. g4 h6 49. h4 Nb5 50. Rb8 Kg7 51. Ke4 d3 52. Rc8 d2 53. g5 hxg5 54. hxg5 d1=Q 55. Ke3 Rd3+ 0-1


[Site "https://www.chess.com"]

[Event "Titled Tuesday Blitz May 24 Early 2022"]
[White "Liyanage, Ranindu Dilshan"]
[Black "Rustemov, Alexander"]
[WhiteFideId "9915834"]
[BlackFideId "4119002"]
[WhiteElo "1858"]
[BlackElo "2828"]
[Result "1-0"]
[Round "05"]
[TimeControl "180+1"]
[Date "2022.05.24"]
[WhiteClock "0:00:11"]
[BlackClock "0:00:07"]

1. e4 e6 2. d4 d5 3. Nc3 Bb4 4. exd5 exd5 5. Bd3 Nc6 6. Ne2 Nge7 7. a3 Bxc3+ 8. bxc3 Bf5 9. Rb1 b6 10. O-O O-O 11. Ng3 Bxd3 12. cxd3 Qd7 13. Qf3 Rae8 14. Re1 Ng6 15. Bg5 f6 16. Bd2 Re7 17. Nf5 Rxe1+ 18. Rxe1 Nce7 19. Nxe7+ Nxe7 20. Bf4 Ng6 21. Bg3 c6 22. h4 Ne7 23. h5 Kf7 24. Qf4 Re8 25. a4 a6 26. c4 b5 27. axb5 axb5 28. h6 g5 29. Qf3 Ng6 30. Rxe8 Qxe8 31. cxb5 cxb5 32. Qxd5+ Qe6 33. Qxb5 Ne7 34. Qb7 Qd5 35. Qxd5+ Nxd5 36. Kf1 Kg6 37. Ke2 Kxh6 38. Kf3 f5 39. Be5 Kg6 40. Ke2 h5 41. Kd2 h4 42. Ke2 g4 43. Kd2 f4 44. Ke2 Kf5 45. Bd6 Nc3+ 46. Kf1 Nb5 47. Be7 h3 48. gxh3 gxh3 49. d5 Ke5 50. d6 Ke6 51. Kg1 Nd4 52. Kh2 Nf3+ 53. Kxh3 Ne5 54. d4 Nd3 55. f3 Ne1 56. Kg4 Ng2 57. d5+ Kd7 58. Bf8 Ne3+ 59. Kxf4 Nxd5+ 60. Ke5 Ne3 61. f4 Ng4+ 62. Kf5 Ne3+ 63. Kg5 Ke8 64. Be7 Kf7 65. f5 Nd5 66. f6 Nb6 67. Kf5 Nd7 68. Ke4 Ke6 69. Kd4 Kf7 70. Kd5 Ke8 71. Kc6 Ne5+ 72. Kc7 Nd7 73. f7+ Kxf7 74. Kxd7 Kg6 75. Kc7 1-0


[Site "https://www.chess.com"]

[Event "Titled Tuesday Blitz May 24 Early 2022"]
[White "Ljukin, Sergei"]
[Black "Brodowski, Piotr"]
[WhiteFideId "14102200"]
[BlackFideId "1124480"]
[WhiteElo "2312"]
[BlackElo "2431"]
[Result "0-1"]
[Round "05"]
[TimeControl "180+1"]
[Date "2022.05.25"]
[WhiteClock "0:00:01"]
[BlackClock "0:00:29"]

1. e4 d6 2. d4 Nf6 3. Nc3 g6 4. Bg5 c6 5. f4 Nbd7 6. e5 dxe5 7. dxe5 Nh5 8. e6 fxe6 9. Bc4 Nb6 10. Qxd8+ Kxd8 11. Be2 h6 12. Bxh5 hxg5 13. Bxg6 gxf4 14. O-O-O+ Kc7 15. Nf3 Bg7 16. Rhe1 Nd5 17. Rd3 Bd7 18. a3 Raf8 19. Be4 Bc8 20. Kb1 a6 21. Ne2 Nb6 22. b3 e5 23. c4 Nd7 24. b4 Nf6 25. Nc3 Nxe4 26. Nxe4 Bf5 27. Ka2 Bf6 28. Red1 Rhg8 29. Nxf6 exf6 30. R3d2 Be4 31. Rf1 Rd8 32. Rxd8 Rxd8 33. Rf2 Rd3 34. Ne1 Re3 35. Nc2 Bxc2 36. Rxc2 Kd7 37. Kb2 Ke7 38. Rc3 Re2+ 39. Rc2 Re1 40. Kc3 f5 41. Kd2 Ra1 0-1


[Site "https://www.chess.com"]

[Event "Titled Tuesday Blitz May 24 Early 2022"]
[White "Lohani, Sujana"]
[Black "Meunier-Pion, Jean"]
[WhiteFideId "12311987"]
[BlackFideId "20685327"]
[WhiteElo "1691"]
[BlackElo "2124"]
[Result "0-1"]
[Round "05"]
[TimeControl "180+1"]
[Date "2022.05.25"]
[WhiteClock "0:00:01"]
[BlackClock "0:00:06"]

1. d4 d5 2. c4 c6 3. Nc3 Nf6 4. Nf3 a6 5. cxd5 cxd5 6. Bg5 Ne4 7. Nxe4 dxe4 8. Nd2 Qxd4 9. e3 Qxb2 10. Rc1 Nc6 11. Nc4 Qb4+ 12. Nd2 g6 13. Bc4 Bg7 14. O-O O-O 15. Nxe4 Rd8 16. Qf3 Ne5 17. Qe2 Nxc4 18. Rxc4 Qb5 19. Bxe7 Be6 20. Rc2 Qxe2 21. Rxe2 Rd7 22. Nf6+ Bxf6 23. Bxf6 Bc4 24. Rb2 Bxf1 25. Kxf1 Rc8 26. g4 h6 27. h4 Rc6 28. g5 Kh7 29. Kg2 Rc4 30. Kg3 h5 31. Kh3 Rd1 32. Bd4 Rc7 33. Kg2 Rdc1 34. Kf3 Kg8 35. a3 Kf8 36. Rb6 Ke8 37. Rd6 R1c6 38. Rd5 b5 39. Re5+ Re6 40. Rd5 Rc4 41. Bf6 Rc8 42. Rd4 a5 43. Rd5 Rb6 44. Re5+ Kf8 45. Be7+ Kg8 46. Bf6 b4 47. axb4 axb4 48. Re7 b3 49. Bb2 Rcb8 0-1


[Site "https://www.chess.com"]

[Event "Titled Tuesday Blitz May 24 Early 2022"]
[White "Lopez, Henry"]
[Black "Hasangatin, Ramil"]
[WhiteFideId "5203830"]
[BlackFideId "4122160"]
[WhiteElo "2177"]
[BlackElo "2399"]
[Result "0-1"]
[Round "05"]
[TimeControl "180+1"]
[Date "2022.05.25"]
[WhiteClock "0:00:04"]
[BlackClock "0:00:11"]

1. d4 Nf6 2. Nf3 d6 3. c4 Bg4 4. Nc3 Bxf3 5. exf3 c6 6. d5 g6 7. g3 Bg7 8. Bg2 cxd5 9. cxd5 O-O 10. f4 Nbd7 11. O-O a6 12. a4 Re8 13. Re1 Qa5 14. Ra3 Rac8 15. h3 Nc5 16. Qc2 Nfd7 17. Bd2 Qb4 18. Nd1 Qd4 19. Be3 Qb4 20. Bd2 Qd4 21. Be3 Qf6 22. Qd2 Nb6 23. Qb4 Nbd7 24. a5 Rc7 25. Rc3 Rec8 26. Re2 h5 27. Rd2 Qf5 28. Bd4 Bxd4 29. Qxd4 Qf6 30. Qb4 Qf5 31. Ne3 Qf6 32. h4 b5 33. axb6 Rb7 34. Nc4 Rcb8 35. Qa3 Nxb6 36. Na5 Rd7 37. Nc6 Re8 38. b4 Nca4 39. Rc1 Kg7 40. Qb3 e6 41. dxe6 Qxe6 42. Qa3 Kg8 43. Nd4 Qf6 44. Rdd1 d5 0-1


[Site "https://www.chess.com"]

[Event "Titled Tuesday Blitz May 24 Early 2022"]
[White "Maghsoodloo, Parham"]
[Black "Koutlas, Nikolaos"]
[WhiteFideId "12539929"]
[BlackFideId "25827138"]
[WhiteElo "2841"]
[BlackElo "2530"]
[Result "1-0"]
[Round "05"]
[TimeControl "180+1"]
[Date "2022.05.25"]
[WhiteClock "0:02:03"]
[BlackClock "0:00:06"]

1. e4 e5 2. Nf3 Nc6 3. Bb5 a6 4. Ba4 Nf6 5. O-O Be7 6. Re1 b5 7. Bb3 d6 8. c3 O-O 9. h3 Na5 10. Bc2 c5 11. d4 Qc7 12. d5 Rb8 13. Nbd2 b4 14. c4 Re8 15. Ba4 Bd7 16. Bxd7 Qxd7 17. b3 Nb7 18. Nf1 Bf8 19. a4 Na5 20. Ng3 g6 21. Bg5 Bg7 22. Rb1 h6 23. Be3 Kh7 24. Nh2 Nxe4 25. Nxe4 f5 26. Bxc5 fxe4 27. Be3 Rf8 28. Nf1 Bf6 29. Ng3 Bd8 30. Qg4 Qe7 31. Nxe4 Bb6 32. Qe6 Rf7 33. Qxe7 Rxe7 34. Nxd6 Bxe3 35. Rxe3 Rd8 36. c5 Rc7 37. Ne4 Nb7 38. c6 Nd6 39. Nxd6 Rxd6 40. Rxe5 Kg7 41. h4 Kf6 42. f4 g5 43. hxg5+ hxg5 44. Rxg5 Re7 45. Re5 Rxe5 46. fxe5+ Kxe5 47. c7 1-0


[Site "https://www.chess.com"]

[Event "Titled Tuesday Blitz May 24 Early 2022"]
[White "Makhnev, Denis"]
[Black "Derraugh, Geordie"]
[WhiteFideId "13707647"]
[BlackFideId "2603950"]
[WhiteElo "2844"]
[BlackElo "2471"]
[Result "1-0"]
[Round "05"]
[TimeControl "180+1"]
[Date "2022.05.25"]
[WhiteClock "0:00:05"]
[BlackClock "0:00:01"]

1. d4 Nf6 2. c4 e5 3. dxe5 Ng4 4. Nf3 Bc5 5. e3 Nc6 6. a3 a5 7. b3 Ngxe5 8. Nxe5 Nxe5 9. Bb2 d6 10. Be2 O-O 11. O-O Bf5 12. Nc3 Re8 13. Qd2 Ng4 14. Nd5 c6 15. h3 Nxf2 16. Rxf2 cxd5 17. Qc3 Re5 18. Rxf5 Bxe3+ 19. Kh1 d4 20. Qd3 Qb6 21. Raf1 f6 22. Bf3 Rae8 23. Bd5+ Kh8 24. R5f3 Qa6 25. Bxd4 Bxd4 26. Qxd4 b5 27. a4 bxc4 28. bxc4 Qc8 29. Rg3 h6 30. Kh2 Qd7 31. Qg4 Qc7 32. Qh4 Qd7 33. Rxf6 gxf6 34. Qxh6+ 1-0


[Site "https://www.chess.com"]

[Event "Titled Tuesday Blitz May 24 Early 2022"]
[White "Manukyan, Artyom"]
[Black "Matinian, Nikita"]
[WhiteFideId "13305786"]
[BlackFideId "24129100"]
[WhiteElo "2555"]
[BlackElo "2717"]
[Result "0-1"]
[Round "05"]
[TimeControl "180+1"]
[Date "2022.05.25"]
[WhiteClock "0:00:06"]
[BlackClock "0:00:04"]

1. e4 c5 2. Nc3 Nc6 3. Bb5 Nd4 4. Nf3 e6 5. O-O a6 6. Bd3 Nc6 7. b3 Be7 8. Bb2 Nf6 9. Re1 d6 10. e5 Nxe5 11. Nxe5 dxe5 12. Rxe5 b5 13. Rg5 Kf8 14. Ne4 Bb7 15. Nxc5 Bd5 16. b4 h6 17. Rg3 h5 18. Qe2 h4 19. Rg5 h3 20. g3 Bc6 21. Re1 Bd5 22. a3 Rc8 23. Bd4 a5 24. c3 axb4 25. axb4 Qe8 26. Bxb5 Qd8 27. Ba6 Ra8 28. Bd3 Ra2 29. c4 Ba8 30. Qe3 Qc8 31. Ne4 Nxe4 32. Bxg7+ Ke8 33. Bxe4 Bxg5 34. Qxg5 Rg8 35. Qb5+ Ke7 36. Qg5+ Kd7 37. Bxa8 Qxa8 38. Qb5+ Qc6 39. Qxc6+ Kxc6 40. Bc3 Rg4 41. f4 Rg8 42. Kf2 Rd8 43. Kf3 Rd3+ 44. Kg4 Rxc3 45. dxc3 Rxh2 46. Ra1 Kb6 47. Kg5 Rg2 48. Kg4 h2 49. Rh1 Rc2 50. Rxh2 Rxh2 51. Kg5 Rg2 52. g4 f5 0-1


[Site "https://www.chess.com"]

[Event "Titled Tuesday Blitz May 24 Early 2022"]
[White "Martin Carmona, Gaston Manuel"]
[Black "Djokic, Mihailo"]
[WhiteFideId "22284567"]
[BlackFideId "976440"]
[WhiteElo "2162"]
[BlackElo "2202"]
[Result "0-1"]
[Round "05"]
[TimeControl "180+1"]
[Date "2022.05.25"]
[WhiteClock "0:00:04"]
[BlackClock "0:00:35"]

1. d4 Nf6 2. c4 g6 3. Nc3 Bg7 4. e4 d6 5. Nf3 O-O 6. Be2 e5 7. dxe5 dxe5 8. Qxd8 Rxd8 9. Bg5 Re8 10. Nd5 Nxd5 11. cxd5 c6 12. Bc4 cxd5 13. Bxd5 Nd7 14. Nd2 Nc5 15. O-O-O Be6 16. Bxe6 Rxe6 17. Be3 Nd3+ 18. Kb1 f5 19. f3 f4 20. Nc4 Nb4 21. Bc5 Na6 22. Ba3 b5 23. Rd6 Rxd6 24. Nxd6 b4 25. Rc1 bxa3 26. Rc6 Nb4 27. Rc4 Rb8 28. bxa3 Nd3+ 29. Kc2 Ne1+ 30. Kd2 Nxg2 31. Rc7 Bf8 32. Nf7 Rb2+ 33. Kc3 Rxa2 34. Nxe5 Ne1 35. Ng4 Bg7+ 36. Kb3 Rb2+ 37. Ka4 Nxf3 38. Rc8+ Kf7 39. Rc7+ Kf8 40. Rc8+ Ke7 41. Rc7+ Kd6 42. Rxg7 Nxh2 43. Nf6 f3 44. Rxh7 f2 45. Rxh2 f1=Q 46. Rxb2 0-1


[Site "https://www.chess.com"]

[Event "Titled Tuesday Blitz May 24 Early 2022"]
[White "Martin, Lewis"]
[Black "Aggelis, Nikolaos"]
[WhiteFideId "410551"]
[BlackFideId "4213220"]
[WhiteElo "2145"]
[BlackElo "2154"]
[Result "1-0"]
[Round "05"]
[TimeControl "180+1"]
[Date "2022.05.25"]
[WhiteClock "0:01:11"]
[BlackClock "0:01:10"]

1. e4 e5 2. Nf3 Nc6 3. Bb5 a6 4. Ba4 Nf6 5. O-O Be7 6. Re1 b5 7. Bb3 O-O 8. a4 b4 9. d3 d6 10. h3 Na5 11. Ba2 Be6 12. Bxe6 fxe6 13. Nbd2 c5 14. Nf1 Nc6 15. c3 a5 16. d4 exd4 17. cxd4 e5 18. dxe5 dxe5 19. Bg5 h6 20. Bxf6 Bxf6 21. Ne3 Nd4 22. Nd5 Qd6 23. Nd2 Rad8 24. Nc4 Qa6 25. Rc1 Kh8 26. Re3 Bg5 27. Nxe5 Bxe3 28. fxe3 Ne2+ 29. Kh2 Nxc1 30. Qxc1 Qd6 31. Nf4 Kh7 32. Neg6 Rfe8 33. Qc2 Qd2 34. Qxc5 Qxe3 35. Qxe3 1-0


[Site "https://www.chess.com"]

[Event "Titled Tuesday Blitz May 24 Early 2022"]
[White "Martinez, Shawn"]
[Black "Piesik, Piotr"]
[WhiteFideId "2039770"]
[BlackFideId "1136194"]
[WhiteElo "2174"]
[BlackElo "2190"]
[Result "0-1"]
[Round "05"]
[TimeControl "180+1"]
[Date "2022.05.25"]
[WhiteClock "0:01:16"]
[BlackClock "0:01:42"]

1. e4 g6 2. d4 Bg7 3. Nc3 c6 4. Bg5 d5 5. e5 f6 6. exf6 exf6 7. Bf4 Ne7 8. Qd2 O-O 9. O-O-O Nd7 10. Bh6 Bxh6 11. Qxh6 Nf5 12. Qf4 Re8 13. h4 Nf8 14. Bd3 Qd6 15. Qd2 Nxd4 16. h5 g5 17. Bxh7+ Kxh7 18. Qxd4 Qe5 19. Qb4 a5 20. Qb6 Nd7 21. Qb3 Nc5 22. Qa3 Qf4+ 23. Kb1 Qb4 24. Qxb4 axb4 25. Nce2 Ne4 26. Rd4 Nxf2 27. Rh2 Bg4 28. Nc1 Re1 29. g3 Ne4 30. Ne2 b3 31. axb3 Bxe2 32. Rxe2 Rxc1+ 33. Kxc1 Ra1# 0-1


[Site "https://www.chess.com"]

[Event "Titled Tuesday Blitz May 24 Early 2022"]
[White "Melikhov, Evgeny V."]
[Black "Csonka, Balazs"]
[WhiteFideId "4122046"]
[BlackFideId "742910"]
[WhiteElo "2396"]
[BlackElo "2678"]
[Result "0-1"]
[Round "05"]
[TimeControl "180+1"]
[Date "2022.05.25"]
[WhiteClock "0:00:12"]
[BlackClock "0:00:04"]

1. d4 d5 2. c4 e6 3. Nc3 Nf6 4. cxd5 exd5 5. Bg5 c6 6. Qc2 Na6 7. a3 h6 8. Bh4 g6 9. e3 Nc7 10. Bd3 Bg7 11. Nf3 O-O 12. O-O Qe8 13. h3 Nh5 14. g4 g5 15. gxh5 gxh4 16. Bf5 Ne6 17. Kh2 Qe7 18. Rg1 Qf6 19. Rg4 Ng5 20. Nxh4 Nf3+ 21. Nxf3 Bxf5 22. Qe2 Bxg4 23. hxg4 Rae8 24. Rg1 Kh8 25. Kh3 Qe6 26. Qd3 f5 27. Nh4 fxg4+ 28. Kg2 Rf6 29. Ne2 Qe4+ 30. Qxe4 Rxe4 31. Nf4 Rfxf4 32. Ng6+ Kh7 33. Nxf4 Bxd4 34. Kg3 Bxb2 35. Rb1 Bxa3 36. Rxb7+ Kg8 37. Kxg4 Bd6 38. Kf5 Bxf4 39. exf4 Kf8 40. Kg6 Rxf4 41. Rxa7 Rxf2 42. Rc7 Rc2 43. Kxh6 d4 44. Kg6 d3 45. Kf6 Ke8 46. Ke6 Re2+ 47. Kf6 d2 48. Rc8+ Kd7 49. Rg8 d1=Q 50. Rg7+ Kd6 51. h6 Qf1+ 52. Kg6 Rg2+ 53. Kh7 Rxg7+ 54. hxg7 Qf7 55. Kh8 Qh5+ 56. Kg8 Ke6 57. Kf8 Qf7# 0-1


[Site "https://www.chess.com"]

[Event "Titled Tuesday Blitz May 24 Early 2022"]
[White "Mikhalsky, Vladimir"]
[Black "Shevtchenko, Olesya"]
[WhiteFideId "14144352"]
[BlackFideId "24131890"]
[WhiteElo "2301"]
[BlackElo "2003"]
[Result "1-0"]
[Round "05"]
[TimeControl "180+1"]
[Date "2022.05.25"]
[WhiteClock "0:00:35"]
[BlackClock "0:00:12"]

1. d4 d5 2. c4 e6 3. Nf3 Nf6 4. g3 Be7 5. Bg2 O-O 6. O-O dxc4 7. Ne5 Nc6 8. Nxc6 bxc6 9. Na3 Bxa3 10. bxa3 Ba6 11. a4 Qd6 12. e4 e5 13. dxe5 Qxe5 14. Bf4 Qa5 15. Rc1 Rfd8 16. Qc2 Rab8 17. Rfd1 h6 18. Bd2 Qb6 19. Bc3 Re8 20. Bxf6 gxf6 21. Bf1 Qb2 22. Bxc4 Qxc2 23. Rxc2 Bxc4 24. Rxc4 Rb2 25. Rd7 Rxa2 26. Rxc7 Rb8 27. R7xc6 Rb1+ 28. Kg2 Rbb2 29. Rxf6 Kg7 30. e5 Re2 31. Rg4+ Kf8 32. Rgf4 Rxe5 33. Rxf7+ Kg8 34. Rxa7 1-0


[Site "https://www.chess.com"]

[Event "Titled Tuesday Blitz May 24 Early 2022"]
[White "Molina, Roberto Junio Brito"]
[Black "Seemann, Jakub"]
[WhiteFideId "2109450"]
[BlackFideId "21874697"]
[WhiteElo "2432"]
[BlackElo "2003"]
[Result "0-1"]
[Round "05"]
[TimeControl "180+1"]
[Date "2022.05.24"]
[WhiteClock "0:01:26"]
[BlackClock "0:02:05"]

1. d4 Nf6 2. c4 e6 3. Nc3 Bb4 4. Qc2 d5 5. a3 Bxc3+ 6. Qxc3 dxc4 7. Qxc4 b6 8. Bg5 Ba6 9. Qa4+ Qd7 10. Qxd7+ Nbxd7 11. e3 Bxf1 12. Kxf1 c5 13. Nf3 cxd4 14. Bxf6 Nxf6 15. Nxd4 Rc8 16. Rd1 e5 17. Nf3 O-O 18. Ke2 Ne4 19. Rc1 f6 20. Rhd1 Nc5 21. b4 Na4 22. Rxc8 Rxc8 23. Rd7 a5 24. bxa5 bxa5 25. Ra7 Nc3+ 26. Ke1 a4 27. Nh4 g6 28. f4 e4 29. g4 Rd8 30. Rc7 Rd3 31. Ng2 Nd5 32. Rc8+ Kf7 33. Ke2 Rxa3 34. Rc4 Ra2+ 35. Kf1 Rxg2 36. Rxe4 Ra2 0-1


[Site "https://www.chess.com"]

[Event "Titled Tuesday Blitz May 24 Early 2022"]
[White "Nilsen, Tobias Lang"]
[Black "Prokofiev, Valentyn"]
[WhiteFideId "1521624"]
[BlackFideId "14160161"]
[WhiteElo "2014"]
[BlackElo "2174"]
[Result "0-1"]
[Round "05"]
[TimeControl "180+1"]
[Date "2022.05.25"]
[WhiteClock "0:02:29"]
[BlackClock "0:02:40"]

1. f4 d5 2. Nf3 Bg4 3. Ne5 Bh5 4. g4 Bg6 5. f5 e6 6. h4 exf5 7. h5 f6 8. hxg6 fxe5 9. Rxh7 Rxh7 10. gxh7 Qh4# 0-1


[Site "https://www.chess.com"]

[Event "Titled Tuesday Blitz May 24 Early 2022"]
[White "Nogerbek, Kazybek"]
[Black "Swiercz, Dariusz"]
[WhiteFideId "13710427"]
[BlackFideId "1126881"]
[WhiteElo "2441"]
[BlackElo "2627"]
[Result "1/2-1/2"]
[Round "05"]
[TimeControl "180+1"]
[Date "2022.05.24"]
[WhiteClock "0:02:11"]
[BlackClock "0:00:37"]

1. Nf3 Nf6 2. c4 e6 3. Nc3 Bb4 4. Qb3 c5 5. a3 Ba5 6. g3 Nc6 7. Bg2 O-O 8. O-O d6 9. Rd1 e5 10. d3 Rb8 11. Bg5 Bxc3 12. Qxc3 Nd4 13. Nxd4 exd4 14. Qc2 h6 15. Bf4 Re8 16. Re1 b6 17. e4 dxe3 18. Rxe3 Rxe3 19. Bxe3 Bb7 20. d4 Bxg2 21. Kxg2 Qd7 22. Rd1 Re8 23. dxc5 Qc6+ 24. Kg1 dxc5 25. Qf5 Qe6 26. Qxe6 fxe6 27. b4 cxb4 28. axb4 Rc8 29. c5 Nd5 30. cxb6 axb6 31. b5 Nxe3 32. fxe3 Rc5 33. Rd6 Rxb5 34. Rxe6 Kf7 35. Rc6 Rb2 36. e4 b5 37. e5 b4 38. Rb6 b3 39. h4 h5 40. Kf1 Rb1+ 41. Kg2 g6 42. Kh2 b2 43. Kg2 Ke7 44. e6 Kf6 45. Kh2 Ke7 46. Kg2 Kf6 47. Kh2 Ke7 48. Kg2 1/2-1/2


[Site "https://www.chess.com"]

[Event "Titled Tuesday Blitz May 24 Early 2022"]
[White "Ovezdurdyyeva, Jemal"]
[Black "Turutin, Alexander"]
[WhiteFideId "14001888"]
[BlackFideId "4180623"]
[WhiteElo "1946"]
[BlackElo "2402"]
[Result "0-1"]
[Round "05"]
[TimeControl "180+1"]
[Date "2022.05.25"]
[WhiteClock "0:00:01"]
[BlackClock "0:00:07"]

1. e4 c6 2. d4 d5 3. Nd2 dxe4 4. Nxe4 Nf6 5. Ng3 c5 6. N1e2 Nc6 7. Be3 Nd5 8. dxc5 Qa5+ 9. Qd2 Nxe3 10. fxe3 Qxc5 11. O-O-O Bg4 12. h3 Rd8 13. Qc3 Rxd1+ 14. Kxd1 Qxc3 15. bxc3 Be6 16. a4 Bd7 17. Nf4 e6 18. Ne4 Be7 19. Bd3 Kd8 20. Ke2 Kc7 21. Rf1 Ne5 22. Bb5 Bxb5+ 23. axb5 Rf8 24. Nd3 Nc4 25. Nd2 Nxd2 26. Kxd2 f6 27. Rf4 Bd6 28. Rg4 g5 29. Ra4 Kb6 30. c4 Rc8 31. Kc3 Bc5 32. Nxc5 Rxc5 33. Ra1 Rf5 34. Rd1 Kc7 35. Rd2 h5 36. Kb4 b6 37. Re2 h4 38. e4 Rf1 39. Kc3 Kd6 40. Rd2+ Ke5 41. Rd7 Ra1 42. Re7 Ra2 43. Kb3 Ra1 44. Kc3 Kxe4 45. Rxe6+ Kf5 46. Rc6 Ke5 47. c5 bxc5 48. Rxc5+ Kf4 49. Rc6 f5 50. Rf6 Rg1 51. Rf8 Rxg2 52. Rf7 g4 53. hxg4 Rxg4 54. Rxa7 h3 55. b6 h2 56. Rh7 Kg3 57. b7 Rg8 58. Kc4 f4 59. Kc5 f3 60. Kb6 f2 0-1


[Site "https://www.chess.com"]

[Event "Titled Tuesday Blitz May 24 Early 2022"]
[White "Pakleza, Zbigniew"]
[Black "Ozkan, Ervin"]
[WhiteFideId "1119290"]
[BlackFideId "6306004"]
[WhiteElo "2467"]
[BlackElo "2226"]
[Result "1-0"]
[Round "05"]
[TimeControl "180+1"]
[Date "2022.05.24"]
[WhiteClock "0:00:07"]
[BlackClock "0:00:03"]

1. d4 d5 2. Bf4 Nf6 3. e3 e6 4. Nd2 Bd6 5. Bg3 O-O 6. Ngf3 b6 7. Ne5 Bb7 8. f4 c5 9. c3 Nc6 10. Bd3 Ne7 11. Qb1 Re8 12. O-O Ng6 13. h3 c4 14. Bc2 b5 15. a3 a5 16. Qd1 b4 17. Ba4 Re7 18. Qf3 Ne4 19. Nxe4 dxe4 20. Qe2 Rc8 21. axb4 axb4 22. Bb5 bxc3 23. bxc3 Bxe5 24. fxe5 Bd5 25. Ra4 Rec7 26. Rb1 h6 27. Rbb4 Qg5 28. Kh2 h5 29. Bf2 Ne7 30. Ba6 Ra8 31. Bxc4 Rxa4 32. Rxa4 Bxc4 33. Rxc4 Ra7 34. Rb4 Nf5 35. Rb2 Ra1 36. g3 Nh6 37. c4 Ng4+ 38. Kg2 Qf5 39. hxg4 hxg4 40. Rd2 Qh5 41. Rd1 Qh3+ 42. Kg1 Ra3 43. d5 Kh7 44. d6 Ra8 45. d7 Rd8 46. c5 Kg6 47. Qf1 Qh5 48. c6 Rh8 49. Qg2 Qh3 50. Qxh3 gxh3 51. d8=Q 1-0


[Site "https://www.chess.com"]

[Event "Titled Tuesday Blitz May 24 Early 2022"]
[White "Papasimakopoulos, Alexandros"]
[Black "Ferreira, Vitor Hugo Vieira"]
[WhiteFideId "4244125"]
[BlackFideId "2119765"]
[WhiteElo "2726"]
[BlackElo "2504"]
[Result "1-0"]
[Round "05"]
[TimeControl "180+1"]
[Date "2022.05.25"]
[WhiteClock "0:00:20"]
[BlackClock "0:00:01"]

1. d4 d5 2. c4 c6 3. cxd5 cxd5 4. Bf4 Nc6 5. Nc3 Nf6 6. e3 Bf5 7. Qb3 Na5 8. Qa4+ Bd7 9. Qc2 Rc8 10. Nf3 a6 11. Bd3 e6 12. O-O Be7 13. h3 O-O 14. Ne5 Nc6 15. Qe2 Nxe5 16. Bxe5 Ne8 17. Rac1 Nd6 18. Rc2 b5 19. Rfc1 Nc4 20. Bg3 Qb6 21. e4 dxe4 22. Bxe4 Qxd4 23. Rd1 Qa7 24. Bxh7+ Kxh7 25. Qd3+ Kg8 26. Qxd7 Qxd7 27. Rxd7 Bf6 28. Bc7 Nxb2 29. Ne4 Nc4 30. Nxf6+ gxf6 31. Rc3 Rfe8 32. Rg3+ Kf8 33. Bf4 Re7 34. Rd4 Rec7 35. Bxc7 Rxc7 36. Rd8+ Ke7 37. Rgg8 f5 38. Ra8 Rc6 39. h4 Ne5 40. h5 Ng4 41. Rxg4 fxg4 42. h6 Rc1+ 43. Kh2 Rc5 44. Rh8 Rh5+ 45. Kg3 Kf6 46. h7 Kg7 47. Ra8 Kxh7 48. Kxg4 Rf5 49. f4 b4 50. Rxa6 Rb5 51. Ra7 Kg6 52. g3 Rc5 53. Kh4 Rc2 54. Kg4 Rc3 55. Ra6 f5+ 56. Kh4 Kf6 57. Kh3 Rc1 58. Kg2 Rc3 59. Ra4 Rc2+ 60. Kf3 Rb2 61. Ke3 b3 62. axb3 Rxb3+ 63. Kf2 Rb2+ 64. Kf3 Rb3+ 65. Kg2 Rb2+ 66. Kh3 Rb1 67. Ra8 Rh1+ 68. Kg2 Rc1 69. Rf8+ Ke7 70. Rh8 Kf6 71. Rh6+ Kf7 72. Rh7+ Kf6 73. Ra7 Rc2+ 74. Kf3 Rc3+ 75. Kf2 Rc2+ 76. Ke3 Rc3+ 77. Kf2 Rc2+ 78. Kf3 Rc3+ 79. Kg2 Rc2+ 80. Kh3 Rc1 81. Ra2 Rh1+ 82. Kg2 Rc1 83. Rb2 Rd1 84. Rc2 Ra1 85. Kh3 Rh1+ 86. Kg2 Ra1 87. Rb2 Rd1 88. Kf3 Rf1+ 89. Ke3 Ra1 90. Rb3 Rg1 91. Kf2 Rc1 92. Kf3 Rf1+ 93. Kg2 Rc1 94. Rd3 Rb1 95. Kh3 Rh1+ 96. Kg2 Ra1 97. Re3 Ra2+ 98. Kh3 Ra1 99. g4 fxg4+ 100. Kxg4 Rg1+ 101. Kf3 Rf1+ 102. Kg3 Ra1 103. Re5 Ra3+ 104. Kg4 Ra1 105. Rh5 Rg1+ 106. Kf3 Rf1+ 107. Ke3 Re1+ 108. Kf2 Ra1 109. Rb5 Ra2+ 110. Kg3 Ra3+ 111. Kg4 Ra4 112. Rb6 Rc4 113. Rb8 Ra4 114. Rf8+ Ke7 115. Rh8 Kf6 116. Rh7 Rb4 117. Rh6+ Kf7 118. Kg5 Rb5+ 119. Kg4 Rf5 120. Rh7+ Kf6 121. Rh8 Kf7 122. Rh1 Rf6 123. Ra1 Rg6+ 124. Kf3 Rf6 125. Ke4 Rf5 126. Rh1 Kf6 127. Rh6+ Kf7 128. Rh7+ Kf6 129. Rh8 Kf7 130. Ra8 Kf6 131. Rf8+ Kg6 132. Rxf5 exf5+ 133. Ke5 Kg7 134. Kd5 1-0


[Site "https://www.chess.com"]

[Event "Titled Tuesday Blitz May 24 Early 2022"]
[White "Paravyan, David"]
[Black "Bagrationi, Alexander"]
[WhiteFideId "4194985"]
[BlackFideId "14104954"]
[WhiteElo "2569"]
[BlackElo "2502"]
[Result "1-0"]
[Round "05"]
[TimeControl "180+1"]
[Date "2022.05.24"]
[WhiteClock "0:02:13"]
[BlackClock "0:01:44"]

1. e4 e5 2. Nf3 Nc6 3. Nc3 d6 4. d4 exd4 5. Nxd4 Nf6 6. Bf4 Be7 7. Qd2 Nxd4 8. Qxd4 O-O 9. O-O-O Be6 10. f3 c5 11. Qd2 Qa5 12. Kb1 b6 13. g4 Rfd8 14. g5 Nh5 15. Be3 a6 16. Nd5 Bf8 17. Qxa5 bxa5 18. a4 g6 1-0


[Site "https://www.chess.com"]

[Event "Titled Tuesday Blitz May 24 Early 2022"]
[White "Pein, Jonathan"]
[Black "Maksimovic, Bojan"]
[WhiteFideId "417092"]
[BlackFideId "14408120"]
[WhiteElo "2140"]
[BlackElo "2448"]
[Result "0-1"]
[Round "05"]
[TimeControl "180+1"]
[Date "2022.05.24"]
[WhiteClock "0:01:15"]
[BlackClock "0:01:01"]

1. e4 c5 2. Nf3 Nc6 3. d4 cxd4 4. Nxd4 Nf6 5. Nc3 e5 6. Nf5 d6 7. Bg5 Bxf5 8. exf5 Be7 9. Bc4 O-O 10. O-O Nd4 11. Qd3 Nd7 12. Bxe7 Qxe7 13. Nd5 Qg5 14. c3 Nc5 15. Qh3 Nc6 16. Rad1 e4 17. f6 Ne5 18. fxg7 Kxg7 19. Ne3 Nxc4 20. Nxc4 d5 21. Ne3 Nd3 22. f4 Nxf4 23. Rxf4 Qxf4 24. Nxd5 Qg5 25. Rf1 Qxd5 0-1


[Site "https://www.chess.com"]